 Dungeon Crawl Stone Soup version 0.28-a0-1190-g77e1c55843 (webtiles) character file.

Game seed: 1772284304479842472

46 fragbeetle the Insei (level 3, -2/26 HPs)
             Began as a Merfolk Transmuter on Dec 19, 2021.
             Slain by a goblin (5 damage)
             ... led by Robin
             ... on level 2 of the Dungeon.
             The game lasted 00:03:09 (1415 turns).

fragbeetle the Insei (Merfolk Transmuter)           Turns: 1415, Time: 00:03:09

Health: -2/26      AC:  5    Str: 12    XL:     3   Next: 66%
Magic:  1/6        EV: 12    Int: 12    God:
Gold:   38         SH:  0    Dex: 14    Spells: 0/6 levels left

rFire   + . .      SeeInvis .     - Unarmed
rCold   . . .      Faith    .   (no shield)
rNeg    . . .      Spirit   .   f - +2 leather armour {rF+}
rPois   .          Reflect  .   (helmet currently unavailable)
rElec   .          Harm     .   (no cloak)
rCorr   .          Rampage  .   (no gloves)
Will    .....                   (boots currently unavailable)
Stlth   +.........              (no amulet)
HPRegen 0.08/turn               (no ring)
MPRegen 0.10/turn               (no ring)

@: appendages
A: horns 2, (nimble swimmer 2), mertail
a: End Transformation


You were on level 2 of the Dungeon.
You had temporarily grown beastly horns.
You visited 1 branch of the dungeon, and saw 2 of its levels.

You collected 38 gold pieces.

Inventory:

Hand Weapons
 k - a +0 hunting sling
Missiles
 e - 71 stones
Armour
 a - a +0 robe
 f - a +2 leather armour of fire resistance (worn)
Scrolls
 b - a scroll of acquirement {unknown}
 c - a scroll of fog {unknown}
 g - a scroll of teleportation {unknown}
 j - 3 scrolls of immolation {unknown}
 l - a scroll of identify {unknown}
Potions
 d - a potion of might {unknown}
 h - a potion of curing {unknown}
 i - a potion of berserk rage {unknown}
 m - a potion of brilliance {unknown}


   Skills:
 - Level 1.1 Fighting
 - Level 3.0 Dodging
 + Level 4.0 Unarmed Combat
 - Level 2.0 Spellcasting
 + Level 3.9 Transmutations
 + Level 0.8 Poison Magic


You couldn't memorise any spells.
You knew the following spells:

 Your Spells              Type           Power      Damage    Failure   Level
a - Beastly Appendage     Tmut           20%        N/A       7%          1
b - Static Discharge      Conj/Air       1%         N/A       45%         2
c - Spider Form           Tmut/Pois      6%         N/A       36%         3

Your spell library contained the following spells:

 Spells                   Type           Power      Damage    Failure   Level
 Wereblood                Tmut           10%        N/A       11%         2
 Ice Form                 Ice/Tmut       5%         N/A       83%         4
 Dispel Undead            Necr           1%         3d6       98%         4
 Sticky Flame             Conj/Fire      1%         2d3       98%         4


Dungeon Overview and Level Annotations

Branches:
Dungeon (2/15)

Altars:

Annotations:
D:2 1 runed translucent door, Crazy Yiuf, Robin, Sigmund


Innate Abilities, Weirdness & Mutations

You have temporarily grown beastly horns.
((You are quick and stealthy near water. (Stealth+, EV+, Speed+++)))
Your lower body shifts to a powerful aquatic tail in water.


Message History

Your transformation is almost over.
The goblin shouts!
Robin of the Strong Arm comes into view.
They are wielding a +2 antimagic mace.
Robin shouts!
You hear a shout!
You extend your transformation's duration.
You hit the goblin.
The goblin is severely wounded.
The goblin hits you but does no damage. x2
You hit the goblin.
You kill the goblin!
The goblin hits you but does no damage. Robin throws the goblin at you!
You barely miss the goblin. Your headbutt misses the goblin.
The goblin hits you with a +0 dagger. The goblin closely misses you.
You closely miss the goblin.
Robin roars a battlecry!
The goblins go into a battle-frenzy!
The goblin barely misses you.
You closely miss the goblin. Your headbutt misses the goblin.
The goblin barely misses you. The goblin closely misses you.
You closely miss the goblin. Your headbutt misses the goblin.
The goblin completely misses you. The goblin hits you but does no damage.
You closely miss the goblin. Your headbutt misses the goblin.
The goblin hits you with a +0 club.
Robin's bangles clink loudly.
Robin hits you with a +2 antimagic mace!
You feel your power leaking away.
You hit the goblin.
You kill the goblin!
The goblin hits you with a +0 dagger.
Robin hits you with a +2 antimagic mace.
* * * LOW HITPOINT WARNING * * *
You feel your power leaking away. Robin throws the goblin at you!
* * * LOW HITPOINT WARNING * * *
Things that are here:
a +0 club; a goblin corpse The goblin hits you but does no damage.
You see here a hobgoblin corpse.
The goblin hits you with a +0 dagger.
You die...

#####...######)#
#.# #...# #.# #.#
#...# #.#####.#
#...# #.......#
#...# #######.#
#...# ##.## #...#
## #...# ##.## .
#.... #####@#
.##### #...#
..#....g# #......
#####
≈≈≈.......##.....#
≈≈≈≈......g...#
≈≈≈≈...##.#.).#
≈≈≈≈≈.......#.....
#####.....#........
....##.##.####.#
##.. ... .# #


You could see Robin and a goblin (strong).

Vanquished Creatures
  2 dart slugs (D:1)
  A bat (D:1)
  2 endoplasms (D:1)
  2 giant cockroaches (D:1)
  10 goblins
  4 hobgoblins
  2 quokkas (D:1)
  5 ball pythons (D:1)
  3 frilled lizards (D:1)
  3 kobolds (D:1)
  A rat (D:1)
35 creatures vanquished.

Vanquished Creatures (others)
  A giant cockroach (D:2)
1 creature vanquished.

Grand Total: 36 creatures vanquished

Notes
Turn   | Place    | Note
-------+----------+-------------------------------------------
     0 | D:1      | fragbeetle the Merfolk Transmuter began the quest for the
                  | Orb.
     0 | D:1      | Reached XP level 1. HP: 15/15 MP: 3/3
   349 | D:1      | Reached XP level 2. HP: 20/21 MP: 3/5
   761 | D:1      | Reached XP level 3. HP: 22/26 MP: 4/6
   764 | D:1      | Learned a level 2 spell: Static Discharge
   768 | D:1      | Learned a level 3 spell: Spider Form
  1206 | D:2      | Noticed Sigmund
  1253 | D:2      | Found a runed translucent door.
  1254 | D:2      | Noticed Crazy Yiuf
  1354 | D:2      | Reached skill level 4 in Unarmed Combat
  1401 | D:2      | Noticed Robin
  1415 | D:2      | Slain by a goblin

Illustrated notes

Levels and vault maps discovered:
D:1:      dpeg_arrival_pits, layout_basic
D:2:      layout_loops_cross, basic_altar, grunt_decor_junction, uniq_robin,
          uniq_sigmund, uniq_crazy_yiuf_cottage

Skill      XL: |  1  2  3 |
---------------+----------+-----
Dodging        | 3 |  3.0
Transmutations | 3 |  3.9
Unarmed Combat | 4 |  4.0
Fighting       | |  1.1
Spellcasting   | |  2.0
Poison Magic   | |  0.8

Action                   || total
-------------------------++-------
Melee: Unarmed           ||    83
       Headbutt          ||    10
       Punch             ||     2
 Cast: Beastly Appendage ||    20
 Stab: Sleeping          ||     2
Armor: Robe              ||     4
       Leather armour    ||    11
Dodge: Dodged            ||    49

Table legend: (Time is in decaauts)
 A = Elapsed time spent in this place.
 B = Non-inter-level travel time spent in this place.
 C = Inter-level travel time spent in this place.
 D = Time resting spent in this place.
 E = Time spent auto-exploring this place.
 F = Levels seen in this place.
 G = Mean time per level.
                   A        B        C        D        E       F      G
               +--------+--------+--------+--------+--------+-----+--------+
         Total |   1407 |   1407 |      0 |    204 |    854 |   2 |  703.5 |
       Dungeon |   1407 |   1407 |      0 |    204 |    854 |   2 |  703.5 |
               +--------+--------+--------+--------+--------+-----+--------+

Top non-repeatable levels by time:
     D:1: 1093 daAuts
     D:2: 313 daAuts
